 Dungeon Crawl Stone Soup version 0.29.1-12-g30fa7ad0bf (webtiles) character file.

Game seed: 15601580869622774770

388 xian the Shooter (level 6, -15/37 HPs)
             Began as a Gargoyle Hunter on Jan 4, 2023.
             Demolished by an ogre
             ... wielding a +0 giant club
              (27 damage)
             ... on level 5 of the Dungeon.
             The game lasted 00:08:42 (4586 turns).

xian the Shooter (Gargoyle Hunter)                  Turns: 4586, Time: 00:08:43

Health: -15/37     AC: 17    Str: 17    XL:     6   Next: 79%
Magic:  15/15      EV:  7    Int:  9    God:
Gold:   183        SH:  0    Dex: 13    Spells: 5/5 levels left

rFire   x . .      SeeInvis .   a - +0 shortbow
rCold   + . .      Faith    .   (shield currently unavailable)
rNeg    + . .      Spirit   .   o - +0 chain mail
rPois   ∞          Reflect  .   (no helmet)
rElec   +          Harm     .   j - +0 cloak
rCorr   .          Rampage  .   d - +2 pair of gloves
Will    .....                   (no boots)
Stlth   ..........              (no amulet)
HPRegen 0.12/turn               k - ring of ice
MPRegen 0.14/turn               c - ring of magical power

@: no status effects
A: sickness immunity, AC +4, negative energy resistance 1, electricity
resistance, torment resistance 1, petrification resistance
a: no special abilities


You were on level 5 of the Dungeon.
You visited 1 branch of the dungeon, and saw 5 of its levels.

You collected 183 gold pieces.

Inventory:

Hand Weapons
 a - a +0 shortbow (weapon)
 i - a +0 trident
Armour
 d - a +2 pair of gloves (worn)
 j - a +0 cloak (worn)
 m - a +0 scale mail
 o - a +0 chain mail (worn)
Jewellery
 c - a ring of magical power (right hand)
 k - a ring of ice (left hand)
Scrolls
 b - a scroll of immolation
 f - 3 scrolls of fog
 g - a scroll of enchant weapon
 p - a scroll of fear
 r - a scroll of identify
 t - a scroll of teleportation
Potions
 e - a potion of flight {unknown}
 h - a potion of brilliance {unknown}
 l - a potion of mutation {unknown}
 n - a potion of might {unknown}
 s - 3 potions of degeneration {unknown}


   Skills:
 + Level 3.2 Fighting
 + Level 1.2 Polearms
 + Level 6.7 Ranged Weapons
 + Level 2.2 Armour
 + Level 1.8 Dodging
 + Level 1.3 Stealth


You had 5 spell levels left.
You didn't know any spells.
Your spell library was empty.

Dungeon Overview and Level Annotations

Branches:
Dungeon (5/15)
 Temple: D:4-7

Altars:
Ashenzari
Cheibriados
Vehumet
Zin


Innate Abilities, Weirdness & Mutations

You are immune to sickness and miasma.
Your stone body is resilient. (AC +4)
You are immune to poison.
You resist negative energy. (rN+)
You are resistant to electric shocks. (rElec)
You are resistant to unholy torment.
You are immune to petrification.


Message History

The orc hits you but does no damage.
You shoot an arrow. The arrow barely misses the orc.
The arrow hits the ogre!
The ogre is heavily wounded.
The orc hits you but does no damage. x2
You shoot an arrow. The arrow closely misses the orc.
The arrow hits the ogre but does no damage.
The ogre is heavily wounded.
The orc barely misses you.
You shoot an arrow. The arrow closely misses the orc.
The arrow hits the ogre.
The ogre is heavily wounded.
The orc hits you but does no damage. x2
You shoot an arrow. The arrow hits the orc.
The orc is lightly wounded.
The orc hits you but does no damage. x2
You shoot an arrow. The arrow hits the orc.
The orc is heavily wounded.
The orc barely misses you.
You shoot an arrow. The arrow hits the orc.
The orc is severely wounded.
The orc hits you with a +0 club. The orc completely misses you.
You shoot an arrow. The arrow hits the orc!
You kill the orc!
You shoot an arrow. The arrow hits the ogre.
The ogre is heavily wounded.
The ogre hits you with a +0 giant club!
You shoot an arrow.
The arrow hits the ogre but does no damage.
The ogre is heavily wounded.
The ogre hits you with a +0 giant club!!
Ouch! That really hurt!
* * * LOW HITPOINT WARNING * * *
You are too injured to fight recklessly!
You are too injured to fight recklessly!
You are too injured to fight recklessly!
Unknown command.
Okay, then.
You feel better.
The ogre hits you with a +0 giant club!!
Ouch! That really hurt!
You die...

#o..# #......#
#....#
##..##.##
.....###..#####
####....### .#+
#.⌠#....# ....
..#....# ...[.
#.##..#
......#...#.#
.._..)O@..#)#
.....)#.....#
.......###..#
....... ....#
##+##.⌠#..###
####.. ..# .##
..


You could see an ogre.

Vanquished Creatures
  A necrophage (D:5)
  A hound (D:5)
  An iron imp (D:5)
  2 jellies (D:4)
  3 orc wizards
  3 adders
  A white imp (D:4)
  A dart slug (D:1)
  12 orcs
  2 endoplasms (D:1)
  6 giant cockroaches
  10 goblins
  13 hobgoblins
  12 jackals
  6 kobolds
  A quokka (D:1)
  9 ball pythons
  8 bats
  9 frilled lizards
  6 rats
107 creatures vanquished.

Notes
Turn   | Place    | Note
-------+----------+-------------------------------------------
     0 | D:1      | xian the Gargoyle Hunter began the quest for the Orb.
     0 | D:1      | Reached XP level 1. HP: 12/12 MP: 1/1
   327 | D:1      | Reached XP level 2. HP: 17/17 MP: 2/2
   444 | D:1      | Found a faded altar of an unknown god.
   575 | D:1      | Reached XP level 3. HP: 22/22 MP: 3/3
  1286 | D:2      | Found a glowing silver altar of Zin.
  1538 | D:2      | Reached skill level 5 in Ranged Weapons
  1717 | D:2      | Reached XP level 4. HP: 27/27 MP: 4/4
  2022 | D:2      | Reached skill level 1 in Armour
  2613 | D:2      | Reached skill level 1 in Polearms
  2613 | D:2      | Reached XP level 5. HP: 29/31 MP: 5/5
  2784 | D:3      | Found a radiant altar of Vehumet.
  3802 | D:4      | Reached skill level 6 in Ranged Weapons
  3842 | D:4      | Reached XP level 6. HP: 36/36 MP: 6/6
  4390 | D:5      | Entered Level 5 of the Dungeon
  4400 | D:5      | Found a snail-covered altar of Cheibriados.
  4573 | D:5      | Found a broken altar of Ashenzari.
  4585 | D:5      | HP: 1/37 [ogre/+0 giant club (20)]
  4586 | D:5      | Demolished by an ogre

Illustrated notes

Levels and vault maps discovered:
D:1:      dpeg_arrival_round_a, layout_loops_ring,
          chequers_ecumenical_altar_island
D:2:      layout_basic, basic_altar, grunt_decor_arrowhead
D:3:      layout_rooms, nicolae_vehumet_radiance
D:4:      layout_basic
D:5:      layout_cave_pods, evilmike_ruin_ashenzari, slow_altar_1,
          enter_ossuary_1, nicolae_elevator_lobby_asterisk

Skill      XL: |  1  2  3  4  5  6 |
---------------+-------------------+-----
Ranged Weapons | 5 6 |  6.7
Armour         | 1 2 |  2.2
Polearms       | 1 |  1.2
Fighting       | 3 |  3.2
Dodging        | |  1.8
Stealth        | |  1.3

Action                   |  1- 3 |  4- 6 || total
-------------------------+-------+-------++-------
Melee: Trident           |       |    39 ||    39
       Shortbow          |       |     6 ||     6
 Fire: Shortbow          |   155 |   221 ||   376
  Use: Scroll            |     3 |     6 ||     9
       Potion            |       |     4 ||     4
Armor: Leather armour    |    35 |     6 ||    41
       Scale mail        |       |    67 ||    67
       Chain mail        |       |   110 ||   110
Dodge: Dodged            |    44 |    88 ||   132
